Map: Luxuriance EC (Void)

Players

diamadoshi - Winner!

  • Race: Terran Terran
  • Spawn Location: 7:00

IA (élite)

  • Race: Protoss Protoss
  • Spawn Location: 1:00

VOD

Have the link to the VOD?

Description

Time

  • Played on: Jan. 26, 2017, 2:55 a.m.
  • Length: 11:47
Show
View Real Time Build Order
Export as new Build Order

diamadoshi Terran - Winner!

Build Orders: MMM Bio 

Get SALT Encoding   

  12  0:02  SCV  
  13  0:18  Supply Depot  
  13  0:19  SCV  
  14  0:32  SCV  
  15  0:40  Barracks  
  15  0:44  SCV  
  16  0:56  SCV  
  17  1:08  SCV  
  17  1:09  Refinery  
  18  1:26  Orbital Command  
  18  1:34  Command Center  
  18  1:37  Marine  
  19  1:50  Barracks  
  19  1:54  SCV  
  20  2:05  Barracks Reactor  
  20  2:06  SCV  
  21  2:10  Supply Depot  
  21  2:18  SCV  
  22  2:31  SCV  
  23  2:38  Barracks Tech Lab  
  23  2:41  Barracks, Bunker  
  23  2:43  Marine  
  23  2:44  Marine  
  25  2:48  Orbital Command  
  25  2:55  SCV  
  26  3:01  Stimpack  
  26  3:07  SCV  
  26  3:11  Engineering Bay  
  26  3:12  Marine x2  
  28  3:19  SCV  
  30  3:21  SCV  
  31  3:29  Barracks Reactor  
  31  3:31  SCV  
  32  3:35  SCV  
  32  3:36  Marine x2  
  35  3:41  Missile Turret  
  35  3:43  Missile Turret, SCV  
  35  3:47  SCV  
  37  3:55  SCV  
  38  3:56  Supply Depot  
  38  3:57  Supply Depot  
  38  3:59  Marine x2, SCV  
  41  4:07  SCV  
  41  4:08  Terran Infantry Weapons Level 1  
  42  4:11  SCV  
  43  4:19  SCV  
  43  4:22  Marine x2  
  43  4:23  SCV  
  47  4:28  Command Center  
  47  4:31  SCV  
  47  4:34  Marine x2  
  47  4:35  Marine  
  47  4:36  SCV  
  52  4:44  SCV, Supply Depot  
  53  4:45  Supply Depot  
  53  4:46  Marine x2  
  53  4:48  SCV  
  53  4:52  Marine x2  
  57  4:55  Factory  
  57  4:56  SCV  
  57  4:58  Marine  
  60  5:00  SCV  
  60  5:02  Combat Shields  
  60  5:04  Marine  
  60  5:05  Marine  
  63  5:08  SCV  
  63  5:12  Marine x2  
  63  5:13  SCV  
  67  5:16  Marine  
  67  5:20  SCV  
  69  5:22  Marine  
  69  5:25  Barracks, SCV  
  69  5:26  Barracks, Marine  
  72  5:29  Refinery  
  72  5:30  Marine, Refinery  
  72  5:32  SCV, Refinery  
  72  5:35  Marine x2  
  76  5:37  SCV  
  76  5:40  Marine  
  78  5:44  SCV  
  78  5:48  Factory Reactor  
  79  5:52  Starport  
  79  5:57  SCV x2  
  79  5:58  Marine x5  
  86  6:09  SCV x2  
  88  6:16  Marine x4  
  84  6:21  SCV  
  75  6:28  Barracks Tech Lab x2  
  75  6:34  SCV x2  
  75  6:36  Terran Infantry Armor Level 1  
  75  6:38  Planetary Fortress  
  77  6:42  Medivac x2  
  77  6:45  Marine x3, Marauder  
  77  6:46  Marine x2, SCV  
  89  6:49  Supply Depot  
  89  6:54  Supply Depot  
  89  6:57  SCV  
  89  6:58  SCV  
  89  7:00  Marauder  
  93  7:04  Concussive Shells  
  93  7:11  Marine, Marauder x2, SCV  
  93  7:12  Supply Depot  
  93  7:13  Marine  
  93  7:14  Marine, Supply Depot  
  101  7:18  Supply Depot  
  101  7:19  Marine  
  101  7:21  Marauder  
  104  7:25  Medivac x2  
  104  7:26  SCV  
  109  7:33  Marine  
  109  7:34  Marauder x2  
  114  7:37  Marine x3  
  114  7:38  SCV x2  
  114  7:42  Marauder  
  121  7:48  SCV  
  121  7:50  SCV x2  
  124  7:51  Marine  
  124  7:55  Marine, Marauder x2  
  124  7:56  Supply Depot x2  
  130  8:00  Liberator  
  130  8:01  Liberator  
  130  8:04  Marine, Marauder  
  133  8:13  Marine  
  133  8:17  Marine x2  
  133  8:18  Marauder x2  
  139  8:35  Marine x2, Marauder  
  139  8:39  Marauder x2  
  139  8:40  Supply Depot  
  139  8:41  Supply Depot  
  147  8:43  Supply Depot  
  147  8:46  Liberator  
  147  8:47  Liberator  
  147  8:49  Marine x2  
  149  8:58  Supply Depot  
  149  8:59  Supply Depot x2  
  149  9:01  Barracks  
  149  9:02  Marine x2, Marauder x3  
  155  9:04  Barracks  
  155  9:05  Factory Reactor  
  155  9:07  Marine  
  163  9:10  Marine  
  164  9:24  Marauder x3  
  170  9:25  Engineering Bay, Armory  
  170  9:27  Supply Depot  
  170  9:28  Marine, Command Center  
  170  9:29  Marine  
  172  9:45  Marauder x3  
  161  9:55  Barracks Tech Lab  
  161  9:56  Barracks Tech Lab  
  161  9:57  Marine x4  
  161  10:06  Marauder x3  
  157  10:10  Widow Mine x2  
  157  10:12  Medivac x2  
  164  10:14  Marine x2  
  164  10:15  Marine x2  
  168  10:28  Marauder x3  
  174  10:29  Marauder x2  
  174  10:32  Marine x3  
  174  10:33  Marine  
  182  10:46  Medivac x2  
  182  10:49  Marine x2, Marauder  
  190  11:04  Marine x3, Marauder x2  
  190  11:05  Marine  
  190  11:07  Marauder  
  194  11:22  Marine x2  
  194  11:26  Marauder  
Show
View Real Time Build Order
Export as new Build Order

IA (élite) Protoss 

Build Orders: Zealot Archon, Colossus Rush 

Get SALT Encoding   

  12  0:01  Probe (Chrono Boost)  
  13  0:11  Probe (Chrono Boost)  
  14  0:20  Pylon  
  14  0:22  Probe (Chrono Boost)  
  15  0:38  Probe (Chrono Boost)  
  16  0:47  Assimilator  
  16  0:49  Probe (Chrono Boost)  
  17  0:50  Gateway  
  17  0:59  Probe (Chrono Boost), Pylon  
  18  1:10  Probe (Chrono Boost)  
  19  1:20  Probe (Chrono Boost)  
  20  1:31  Probe (Chrono Boost)  
  21  1:35  Gateway, Zealot  
  21  1:39  Cybernetics Core  
  23  1:43  Probe (Chrono Boost)  
  24  1:47  Pylon  
  25  1:54  Probe (Chrono Boost)  
  25  2:00  Zealot  
  25  2:05  Probe (Chrono Boost)  
  28  2:10  Assimilator, Warp Gate  
  28  2:17  Probe (Chrono Boost)  
  28  2:22  Adept  
  31  2:26  Adept  
  31  2:29  Probe (Chrono Boost)  
  34  2:34  Pylon  
  34  2:41  Probe (Chrono Boost)  
  35  2:48  Adept  
  37  2:52  Sentry  
  37  2:53  Probe (Chrono Boost)  
  40  3:05  Probe (Chrono Boost)  
  41  3:15  Nexus  
  41  3:17  Probe (Chrono Boost)  
  42  3:22  Stalker  
  44  3:28  Probe (Chrono Boost)  
  45  3:39  Probe (Chrono Boost)  
  45  3:41  Robotics Facility  
  46  3:51  Probe (Chrono Boost)  
  46  3:54  Pylon  
  47  4:12  Adept  
  47  4:13  Probe (Chrono Boost)  
  50  4:20  Adept  
  53  4:25  Probe (Chrono Boost)  
  53  4:28  Probe (Chrono Boost)  
  53  4:31  Adept  
  56  4:36  Probe (Chrono Boost)  
  58  4:39  Probe (Chrono Boost)  
  58  4:45  Observer, Robotics Bay  
  58  4:47  Probe (Chrono Boost)  
  58  4:50  Probe (Chrono Boost)  
  61  4:58  Probe (Chrono Boost), Robotics Facility  
  62  5:01  Probe (Chrono Boost), Pylon  
  62  5:05  Stalker  
  65  5:10  Probe (Chrono Boost), Stalker  
  68  5:15  Probe (Chrono Boost), Pylon  
  70  5:21  Probe (Chrono Boost)  
  70  5:28  Colossus  
  76  5:42  Zealot  
  78  5:43  Pylon  
  78  5:45  Stalker  
  78  5:46  Assimilator, Probe (Chrono Boost)  
  81  5:54  Twilight Council  
  81  5:57  Gateway  
  81  5:58  Probe (Chrono Boost), Assimilator  
  81  6:04  Pylon  
  82  6:09  Probe x2 (Chrono Boost)  
  82  6:20  Zealot x2  
  82  6:21  Probe (Chrono Boost)  
  82  6:22  Probe (Chrono Boost)  
  82  6:32  Probe (Chrono Boost)  
  83  6:33  Templar Archives  
  83  6:39  Zealot  
  85  6:40  Forge  
  85  6:45  Forge  
  85  6:49  Nexus  
  85  6:58  Stalker  
  87  7:02  Pylon  
  87  7:03  Stalker  
  87  7:07  Stalker  
  91  7:18  High Templar  
  91  7:22  Pylon  
  93  7:24  High Templar  
  93  7:28  Gateway, Stalker  
  97  7:37  Archon  
  97  7:41  Pylon  
  97  7:42  Photon Cannon  
  97  7:45  Pylon  
  97  7:48  High Templar  
  97  7:49  Stalker  
  101  7:53  Zealot  
  103  8:03  Probe x2 (Chrono Boost)  
  106  8:10  Zealot  
  106  8:12  High Templar  
  110  8:15  Nexus, Probe x2 (Chrono Boost), Pylon  
  110  8:17  Zealot  
  113  8:22  Sentry  
  113  8:26  Probe (Chrono Boost)  
  111  8:28  Probe (Chrono Boost)  
  111  8:30  Zealot  
  105  8:36  High Templar  
  105  8:38  Probe (Chrono Boost)  
  105  8:40  Probe (Chrono Boost)  
  109  8:42  Stalker  
  109  8:45  Zealot  
  109  8:47  Nexus  
  113  8:49  Zealot  
  113  8:50  Probe (Chrono Boost)  
  113  8:52  Probe (Chrono Boost)  
  117  8:59  Assimilator  
  117  9:02  Probe (Chrono Boost)  
  118  9:03  Pylon, Zealot  
  118  9:04  Zealot, Archon  
  118  9:07  Stalker  
  118  9:08  Zealot  
  126  9:22  Probe (Chrono Boost), Zealot x2  
  132  9:24  Pylon  
  132  9:25  Probe (Chrono Boost)  
  132  9:27  High Templar  
  132  9:28  High Templar, Probe (Chrono Boost)  
  137  9:34  Probe (Chrono Boost)  
  137  9:36  Probe (Chrono Boost)  
  138  9:41  Zealot x2  
  136  9:45  Probe (Chrono Boost)  
  136  9:48  Probe (Chrono Boost)  
  119  9:54  Archon  
  119  9:57  High Templar  
  119  9:58  Zealot  
  115  10:02  High Templar  
  79  10:07  Adept  
  79  10:11  Probe (Chrono Boost)  
  79  10:12  Probe (Chrono Boost)  
  78  10:16  High Templar  
  78  10:18  Probe (Chrono Boost)  
  72  10:22  Probe (Chrono Boost)  
  72  10:25  Zealot  
  72  10:27  Adept  
  72  10:28  Nexus  
  76  10:32  Stalker  
  55  10:45  High Templar  
  55  10:46  Sentry  
  59  10:51  Stalker  
  59  10:53  Stalker  
  55  11:14  Stalker, Zealot, Sentry  
  31  11:21  High Templar  
  14  11:32  Pylon  
  14  11:36  High Templar  
Tags
 
Add a new tag
Caveats
  • Supply blocks, unpowered buildings, or Contaminate may cause inaccurate times.
  • Supply counts are checked every 10 seconds.